 Dungeon Crawl Stone Soup version 0.22.0-38-g04b72b8 (webtiles) character file.

140 Lew the Shield-Bearer (level 5, -3/47 HPs)
             Began as a Gnoll Fighter on Aug 28, 2018.
             Slain by Sigmund
             ... wielding a +0 scythe
              (12 damage)
             ... on level 3 of the Dungeon.
             The game lasted 00:03:51 (2738 turns).

Lew the Shield-Bearer (Gnoll Fighter)               Turns: 2738, Time: 00:03:52

Health: -3/47      AC:  9    Str: 17 (19) XL:     5   Next: 22%
Magic:  7/7        EV:  6    Int:  9 (11) God:
Gold:   61         SH: 15    Dex: 12 (14) Spells: 6/6 levels left

rFire    . . .     SeeInvis .   a - +0 war axe
rCold    . . .     Gourm    .   j - +0 large shield
rNeg     . . .     Faith    .   b - +0 scale mail
rPois    .         Spirit   .   (no helmet)
rElec    .         Reflect  .   (no cloak)
rCorr    .         Harm     .   o - +0 pair of gloves
MR       .....                  (no boots)
Stlth    +.........             (no amulet)
HPRegen  0.15/turn              g - ring of stealth
MPRegen  0.10/turn              (no ring)

@: no status effects
A: distributed training, fangs 1, strong nose
a: no special abilities


You were on level 3 of the Dungeon.
You were not hungry.

You visited 1 branch of the dungeon, and saw 3 of its levels.

You collected 61 gold pieces.

Inventory:

Hand Weapons
 a - a +0 war axe (weapon)
Armour
 b - a +0 scale mail (worn)
 c - a +0 shield
 j - a +0 large shield (worn)
 o - a +0 pair of gloves (worn)
Jewellery
 g - a ring of stealth (left hand)
Potions
 d - a potion of might
 i - a potion of curing
 p - a potion of heal wounds
Comestibles
 f - 3 rations


   Skills:
 + Level 6.6 Fighting
 + Level 1.4 Short Blades
 + Level 1.4 Long Blades
 + Level 4.7 Axes
 + Level 1.4 Maces & Flails
 + Level 1.4 Polearms
 + Level 1.4 Staves
 + Level 1.4 Slings
 + Level 1.4 Bows
 + Level 1.4 Crossbows
 + Level 1.4 Throwing
 + Level 6.6 Armour
 + Level 1.4 Dodging
 + Level 1.4 Stealth
 + Level 6.6 Shields
 + Level 1.4 Unarmed Combat
 + Level 1.4 Spellcasting
 + Level 1.1 Conjurations
 + Level 1.1 Hexes
 + Level 1.1 Charms
 + Level 1.1 Summonings
 + Level 1.1 Necromancy
 + Level 1.1 Translocations
 + Level 1.1 Transmutations
 + Level 1.1 Fire Magic
 + Level 1.1 Ice Magic
 + Level 1.1 Air Magic
 + Level 1.1 Earth Magic
 + Level 1.1 Poison Magic
 + Level 1.5 Invocations
 + Level 1.4 Evocations


You had 6 spell levels left.
You didn't know any spells.
Your spell library was empty.

Dungeon Overview and Level Annotations

Branches:
Dungeon (3/15)

Altars:
Hepliaklqana
Xom

Annotations:
D:3 Sigmund


Innate Abilities, Weirdness & Mutations

Your experience applies equally to all skills.
You have very sharp teeth.
Your uncanny sense of smell can sniff out nearby items.


Message History

You block the orc's attack. Something hits you.
* * * LOW HITPOINT WARNING * * *
You block the orc's attack.
You completely miss the orc. You block the orc's attack.
Something hits you but does no damage.
You slash the orc!
You kill the orc!
Something hits you.
* * * LOW HITPOINT WARNING * * *
Things that are here:
a short sword; a leather armour You closely miss something.
Something hits you but does no damage.
Your scale mail prevents you from hitting something.
You hear some strange, mumbled words.
A puff of flame appears from out of thin air!
The puff of flame hits you!
You hit something. Something hits you but does no damage.
You slash something! You bite something. Something hits you but does no damage.
You hit something but do no damage. Something hits you!
You die...

# #................$.
### ####.#.............
..#######..##...........
...........†............
..########..............
..## #.............)
...## #..............
....# ######.........
..... .#####.@.......
..#. .......{.......
..... ..#............
....# #..._..........
....# ..#######......
....# . ...... .....
.##... ....# ∆ ## ...
..... ##


There were no monsters in sight!

Vanquished Creatures
  6 adders
  4 worms
  A dart slug (D:1)
  3 leopard geckos
  2 orcs (D:3)
  3 bats
  3 giant cockroaches
  6 goblins
  6 hobgoblins
  11 jackals
  A quokka (D:2)
  2 ball pythons (D:3)
  7 frilled lizards
  8 kobolds
  7 rats
70 creatures vanquished.

Notes
Turn   | Place    | Note
-------+----------+-------------------------------------------
     0 | D:1      | Lew the Gnoll Fighter began the quest for the Orb.
     0 | D:1      | Reached XP level 1. HP: 23/23 MP: 1/1
    27 | D:1      | Reached XP level 2. HP: 29/29 MP: 2/2
   168 | D:1      | Reached XP level 3. HP: 35/35 MP: 3/3
   575 | D:2      | Found a shimmering altar of Xom.
   575 | D:2      | Found a shimmering altar of Xom.
   575 | D:2      | Found a shimmering altar of Xom.
   576 | D:2      | Found a shimmering altar of Xom.
   925 | D:2      | Reached skill level 1 in Invocations
  1040 | D:2      | Reached skill level 1 in Short Blades
  1040 | D:2      | Reached skill level 1 in Long Blades
  1040 | D:2      | Reached skill level 1 in Maces & Flails
  1040 | D:2      | Reached skill level 1 in Polearms
  1040 | D:2      | Reached skill level 1 in Staves
  1040 | D:2      | Reached skill level 1 in Slings
  1040 | D:2      | Reached skill level 1 in Bows
  1040 | D:2      | Reached skill level 1 in Crossbows
  1040 | D:2      | Reached skill level 1 in Throwing
  1040 | D:2      | Reached skill level 1 in Dodging
  1040 | D:2      | Reached skill level 1 in Stealth
  1040 | D:2      | Reached skill level 1 in Unarmed Combat
  1040 | D:2      | Reached skill level 1 in Spellcasting
  1040 | D:2      | Reached skill level 1 in Evocations
  1040 | D:2      | Reached XP level 4. HP: 39/41 MP: 5/5
  1894 | D:2      | Reached skill level 1 in Conjurations
  1894 | D:2      | Reached skill level 1 in Hexes
  1894 | D:2      | Reached skill level 1 in Charms
  1894 | D:2      | Reached skill level 1 in Summonings
  1894 | D:2      | Reached skill level 1 in Necromancy
  1894 | D:2      | Reached skill level 1 in Translocations
  1894 | D:2      | Reached skill level 1 in Transmutations
  1894 | D:2      | Reached skill level 1 in Fire Magic
  1894 | D:2      | Reached skill level 1 in Ice Magic
  1894 | D:2      | Reached skill level 1 in Air Magic
  1894 | D:2      | Reached skill level 1 in Earth Magic
  1894 | D:2      | Reached skill level 1 in Poison Magic
  2011 | D:3      | Reached XP level 5. HP: 26/47 MP: 6/6
  2713 | D:3      | Noticed Sigmund
  2714 | D:3      | Found a hazy altar of Hepliaklqana.
  2738 | D:3      | Slain by Sigmund

Skill      XL: |  1  2  3  4 |
---------------+-------------+-----
Invocations    | 1 |  1.5
Short Blades   | 1 |  1.4
Long Blades    | 1 |  1.4
Maces & Flails | 1 |  1.4
Polearms       | 1 |  1.4
Staves         | 1 |  1.4
Slings         | 1 |  1.4
Bows           | 1 |  1.4
Crossbows      | 1 |  1.4
Throwing       | 1 |  1.4
Dodging        | 1 |  1.4
Stealth        | 1 |  1.4
Unarmed Combat | 1 |  1.4
Spellcasting   | 1 |  1.4
Evocations     | 1 |  1.4
Conjurations   | 1 |  1.1
Hexes          | 1 |  1.1
Charms         | 1 |  1.1
Summonings     | 1 |  1.1
Necromancy     | 1 |  1.1
Translocations | 1 |  1.1
Transmutations | 1 |  1.1
Fire Magic     | 1 |  1.1
Ice Magic      | 1 |  1.1
Air Magic      | 1 |  1.1
Earth Magic    | 1 |  1.1
Poison Magic   | 1 |  1.1
Fighting       | |  6.6
Axes           | |  4.7
Armour         | |  6.6
Shields        | |  6.6

Action                   |  1- 3 |  4- 6 || total
-------------------------+-------+-------++-------
Melee: War axe           |    83 |   125 ||   208
       Bite              |    11 |     6 ||    17
  Use: Scroll            |       |     6 ||     6
       Potion            |       |     6 ||     6
 Stab: Sleeping          |     2 |       ||     2
  Eat: Ration            |       |     2 ||     2
Armor: Scale mail        |    24 |    50 ||    74
Dodge: Dodged            |    35 |    35 ||    70
Block: Shield            |    45 |    18 ||    63
       Large shield      |       |    81 ||    81
